 Dungeon Crawl Stone Soup version 0.26-a0-1147-g3780a7a11b (webtiles) character file.

Game seed: 1341622630304983592

165 cobaltphoenix the Magician (level 5, -8/37 HPs)
             Began as a Gnoll Hedge Wizard on Dec 22, 2020.
             Mangled by a worm (9 damage)
             ... on level 3 of the Dungeon.
             The game lasted 00:06:11 (2956 turns).

cobaltphoenix the Magician (Gnoll Hedge Wizard)     Turns: 2956, Time: 00:06:11

Health: -8/37      AC:  2    Str: 12    XL:     5   Next: 46%
Magic:  6/14       EV: 15    Int: 17    God:
Gold:   127        SH:  0    Dex: 15    Spells: 17/18 levels left

rFire    . . .     SeeInvis .   b - +4 short sword
rCold    . . .     Faith    .   (no shield)
rNeg     . . .     Spirit   .   i - +0 robe
rPois    .         Reflect  .   g - +0 hat
rElec    .         Harm     .   (no cloak)
rCorr    .         Rampage  .   (no gloves)
Will     .....                  (no boots)
Stlth    ++........             (no amulet)
HPRegen  0.12/turn              (no ring)
MPRegen  0.14/turn              (no ring)

@: very slow
A: distributed training, fangs 1, strong nose
a: no special abilities


You were on level 3 of the Dungeon.
You visited 1 branch of the dungeon, and saw 3 of its levels.

You collected 127 gold pieces.


Innate Abilities, Weirdness & Mutations

Your experience applies equally to all skills.
You have very sharp teeth.
Your uncanny sense of smell can sniff out nearby items.


   Skills:
 + Level 1.5 Fighting
 + Level 1.5 Short Blades
 + Level 1.5 Long Blades
 + Level 1.5 Axes
 + Level 1.5 Maces & Flails
 + Level 1.5 Polearms
 + Level 1.5 Staves
 + Level 1.5 Slings
 + Level 1.5 Bows
 + Level 1.5 Crossbows
 + Level 1.5 Throwing
 + Level 1.5 Armour
 + Level 4.8 Dodging
 + Level 4.4 Stealth
 + Level 1.5 Shields
 + Level 1.5 Unarmed Combat
 + Level 7.3 Spellcasting
 + Level 2.4 Conjurations
 + Level 1.2 Hexes
 + Level 2.4 Summonings
 + Level 1.2 Necromancy
 + Level 2.4 Translocations
 + Level 1.2 Transmutations
 + Level 1.2 Fire Magic
 + Level 1.2 Ice Magic
 + Level 1.2 Air Magic
 + Level 1.2 Earth Magic
 + Level 1.2 Poison Magic
 + Level 1.7 Invocations
 + Level 1.5 Evocations


You had 17 spell levels left.
You knew the following spells:

 Your Spells              Type           Power        Failure   Level
a - Magic Dart            Conj           56%          4%          1

Your spell library contained the following spells:

 Spells                   Type           Power        Failure   Level
 Blink                    Tloc           N/A          6%          2
 Call Imp                 Summ           14%          6%          2
 Slow                     Hex            10%          11%         2
 Conjure Flame            Conj/Fire      12%          16%         3
 Mephitic Cloud           Conj/Pois/Air  11%          17%         3

Inventory:

Hand Weapons
 a - a +0 dagger
 b - a +4 short sword (weapon)
   (You took it off a kobold on level 1 of the Dungeon)
Missiles
 c - 33 poisoned darts
Armour
 g - a +0 hat (worn)
 i - a +0 robe (worn)
 k - a +0 pair of gloves
   (You found it on level 2 of the Dungeon)
Scrolls
 d - 3 scrolls of remove curse {unknown}
 e - 2 scrolls of teleportation
 h - 3 scrolls of identify {unknown}
 j - a scroll of blinking {unknown}
 l - a scroll of enchant armour {unknown}
 m - a scroll of fear {unknown}
 n - a scroll of magic mapping {unknown}
Potions
 f - a potion of degeneration {unknown}

Dungeon Overview and Level Annotations

Branches:
Dungeon (3/15)

Altars:

Annotations:
D:2 exclusion: downstairs

##############
#........†...#
#........†...#
#.....≈......#
#...≈≈≈≈≈.≈.....
######≈#≈#≈≈####
#≈≈≈≈≈≈≈≈≈...
#≈###########
#≈†≈w@≈#
####r#w# ≈≈r#r#
#≈##≈#S# # ≈≈#≈#
#.. ≈##≈# #.. #≈
#≈≈ #..# #≈ #≈#
#... #####.[. .


You could see 2 worms, an adder, a river rat and 2 rats.


Message History

You now have 13/14 mp.
Aim: a giant cockroach (heavily wounded, 0% to evade)
The magic dart hits the giant cockroach but does no damage.
You now have 12/14 mp.
Aim: a giant cockroach (heavily wounded, 0% to evade)
The magic dart hits the giant cockroach.
You now have 11/14 mp.
Aim: a giant cockroach (severely wounded, 0% to evade)
The magic dart hits the giant cockroach.
You kill the giant cockroach!
You now have 10/14 mp.
Aim: a river rat (0% to evade)
The magic dart hits the river rat.
You now have 9/14 mp.
Aim: a river rat (lightly wounded, 0% to evade)
The magic dart hits the river rat but does no damage.
The river rat bites you.
You take 3 damage, and have 34/37 hp.
You now have 8/14 mp.
Aim: a river rat (lightly wounded, 0% to evade)
The magic dart hits the river rat.
The river rat closely misses you.
Aim: a river rat (severely wounded, 0% to evade)
The magic dart hits the river rat but does no damage.
The river rat barely misses you. The rat bites you.
You take 2 damage, and have 33/37 hp.
You now have 7/14 mp.
Aim: a river rat (severely wounded, 0% to evade)
The magic dart hits the river rat but does no damage.
The river rat bites you. The rat completely misses you.
You take 2 damage, and have 31/37 hp.
You now have 6/14 mp.
Aim: a river rat (severely wounded, 0% to evade)
The magic dart hits the river rat.
The river rat bites you. The rat barely misses you.
You take 2 damage, and have 29/37 hp.
You now have 5/14 mp.
Aim: a river rat (almost dead, 0% to evade)
The magic dart hits the river rat.
You kill the river rat!
The rat bites you but does no damage.
You now have 4/14 mp.
Aim: a rat (0% to evade)
The magic dart hits the rat.
The rat misses you.
You now have 3/14 mp.
Aim: a rat (moderately wounded, 0% to evade)
The magic dart hits the rat.
You kill the rat!
You now have 2/14 mp.
Aim: a worm (0% to evade)
The magic dart hits the worm but does no damage.
You hear the slow rusting of a drain nearby.
The worm bites you.
You see here a river rat corpse.
You take 1 damage, and have 28/37 hp.
You enter the shallow water.
Moving in this stuff is going to be slow.
The worm splashes around in the water.
A river rat comes into view.
Your unstable footing causes you to fumble your attack.
The river rat misses you.
Your unstable footing causes you to fumble your attack.
The river rat barely misses you.
Your unstable footing causes you to fumble your attack.
The river rat closely misses you.
You hit the river rat. The river rat bites you.
You take 2 damage, and have 27/37 hp.
You hit the river rat. The river rat completely misses you.
The worm splashes around in the water.
You closely miss the river rat. The river rat bites you. The worm bites you!
You take 9 damage, and have 18/37 hp.
MASSIVE DAMAGE!!
You barely miss the river rat. The river rat misses you.
Your unstable footing causes you to fumble your attack.
The river rat bites you. The worm closely misses you.
You take 6 damage, and have 12/37 hp.
You hit the river rat.
You bite the river rat, but do no damage.
The river rat closely misses you.
Your unstable footing causes you to fumble your attack.
The river rat completely misses you. The worm bites you.
* * * LOW HITPOINT WARNING * * *
You take 2 damage, and have 10/37 hp.
Your unstable footing causes you to fumble your attack.
The river rat completely misses you. The worm closely misses you.
The river rat completely misses you.
You puncture the river rat!
You kill the river rat!
You see here a river rat corpse.
A rat comes into view.
A rat comes into view.
An adder, a river rat and a worm come into view.
The adder hisses angrily.
The rat splashes around in the water.
You completely miss the rat. Your bite misses the rat.
The rat splashes around in the water.
Your unstable footing causes you to fumble your attack.
The rat splashes around in the water.
The worm bites you!
* * * LOW HITPOINT WARNING * * *
You take 11 damage, and have 1/37 hp.
MASSIVE DAMAGE!!
Aim: a worm (0% to evade)
The magic dart hits the worm.
The rat closely misses you. The worm barely misses you. The worm bites you!
You die...

Skill      XL: |  1  2  3  4 |
---------------+-------------+-----
Conjurations   | 2 |  2.4
Summonings     | 2 |  2.4
Translocations | 2 |  2.4
Invocations    | 1 |  1.7
Fighting       | 1 |  1.5
Short Blades   | 1 |  1.5
Long Blades    | 1 |  1.5
Axes           | 1 |  1.5
Maces & Flails | 1 |  1.5
Polearms       | 1 |  1.5
Staves         | 1 |  1.5
Slings         | 1 |  1.5
Bows           | 1 |  1.5
Crossbows      | 1 |  1.5
Throwing       | 1 |  1.5
Armour         | 1 |  1.5
Shields        | 1 |  1.5
Unarmed Combat | 1 |  1.5
Evocations     | 1 |  1.5
Hexes          | 1 |  1.2
Necromancy     | 1 |  1.2
Transmutations | 1 |  1.2
Fire Magic     | 1 |  1.2
Ice Magic      | 1 |  1.2
Air Magic      | 1 |  1.2
Earth Magic    | 1 |  1.2
Poison Magic   | 1 |  1.2
Dodging        | |  4.8
Stealth        | |  4.4
Spellcasting   | |  7.3

Action                   |  1- 3 |  4- 6 || total
-------------------------+-------+-------++-------
Melee: Dagger            |    10 |       ||    10
       Bite              |     3 |     2 ||     5
       Short sword       |       |    27 ||    27
 Cast: Magic Dart        |    85 |   100 ||   185
  Use: Scroll            |       |     1 ||     1
Armor: Robe              |     4 |     4 ||     8
Dodge: Dodged            |    17 |    69 ||    86

Levels and vault maps discovered:
D:1:      psy_arrival_basics, layout_rooms
D:2:      layout_basic, chequers_ecumenical_altar_twisty
D:3:      layout_rooms, chequers_temple_overflow_statue_of_worship,
          nicolae_overflow_crystal_walls, lightli_sewer_entry_pipes

Notes
Turn   | Place    | Note
-------+----------+-------------------------------------------
     0 | D:1      | cobaltphoenix the Gnoll Hedge Wizard began the quest for
                  | the Orb.
     0 | D:1      | Reached XP level 1. HP: 13/13 MP: 8/8
   136 | D:1      | Reached skill level 2 in Conjurations
   136 | D:1      | Reached skill level 2 in Summonings
   136 | D:1      | Reached skill level 2 in Translocations
   222 | D:1      | Reached XP level 2. HP: 19/19 MP: 6/10
   736 | D:1      | Reached XP level 3. HP: 25/25 MP: 4/11
   900 | D:1      | Reached skill level 1 in Invocations
  1234 | D:2      | Reached skill level 1 in Fighting
  1234 | D:2      | Reached skill level 1 in Short Blades
  1234 | D:2      | Reached skill level 1 in Long Blades
  1234 | D:2      | Reached skill level 1 in Axes
  1234 | D:2      | Reached skill level 1 in Maces & Flails
  1234 | D:2      | Reached skill level 1 in Polearms
  1234 | D:2      | Reached skill level 1 in Staves
  1234 | D:2      | Reached skill level 1 in Slings
  1234 | D:2      | Reached skill level 1 in Bows
  1234 | D:2      | Reached skill level 1 in Crossbows
  1234 | D:2      | Reached skill level 1 in Throwing
  1234 | D:2      | Reached skill level 1 in Armour
  1234 | D:2      | Reached skill level 1 in Shields
  1234 | D:2      | Reached skill level 1 in Unarmed Combat
  1234 | D:2      | Reached skill level 1 in Evocations
  1242 | D:2      | Reached XP level 4. HP: 32/32 MP: 4/13
  1415 | D:2      | Found a faded altar of an unknown god.
  1681 | D:2      | Reached skill level 1 in Hexes
  1681 | D:2      | Reached skill level 1 in Necromancy
  1681 | D:2      | Reached skill level 1 in Transmutations
  1681 | D:2      | Reached skill level 1 in Fire Magic
  1681 | D:2      | Reached skill level 1 in Ice Magic
  1681 | D:2      | Reached skill level 1 in Air Magic
  1681 | D:2      | Reached skill level 1 in Earth Magic
  1681 | D:2      | Reached skill level 1 in Poison Magic
  1915 | D:2      | Reached XP level 5. HP: 34/37 MP: 8/14
  1922 | D:2      | HP: 5/37 [gnoll/+0 spear (10)]
  2231 | D:2      | HP: 6/37 [gnoll/+0 spear (4)]
  2955 | D:3      | HP: 1/37 [worm (11)]
  2956 | D:3      | Mangled by a worm

Vanquished Creatures
  5 gnolls
  4 adders
  2 river rats (D:3)
  2 worms (D:2)
  2 dart slugs (D:1)
  3 leopard geckos
  2 giant cockroaches
  3 goblins
  7 hobgoblins
  3 jackals (D:2)
  13 kobolds
  A ball python (D:2)
  6 bats
  3 frilled lizards
  4 rats
60 creatures vanquished.

Table legend: (Time is in decaauts)
 A = Elapsed time spent in this place.
 B = Non-inter-level travel time spent in this place.
 C = Inter-level travel time spent in this place.
 D = Time resting spent in this place.
 E = Time spent auto-exploring this place.
 F = Levels seen in this place.
 G = Mean time per level.
                   A        B        C        D        E       F      G
               +--------+--------+--------+--------+--------+-----+--------+
         Total |   2968 |   2825 |    143 |   1145 |   1173 |   3 |  989.3 |
       Dungeon |   2968 |   2825 |    143 |   1145 |   1173 |   3 |  989.3 |
               +--------+--------+--------+--------+--------+-----+--------+

Top non-repeatable levels by time:
     D:1: 2086 daAuts
     D:2: 825 daAuts
     D:3: 56 daAuts

Table legend:
 A = Non-vault XP
 B = Vault XP
 C = Vault XP percentage of total XP
 D = Non-vault monster count
 E = Vault monster count
 F = Vault count percentage of total count
                 A         B        C        D         E       F
            +---------+---------+-------+---------+---------+-------
      Total |     210 |      27 |  11.4 |      57 |       3 |   5.0
            +---------+---------+-------+---------+---------+-------
        D:1 |      72 |       0 |   0.0 |      29 |       0 |   0.0
        D:2 |     136 |       0 |   0.0 |      27 |       0 |   0.0
        D:3 |       2 |      27 |  93.1 |       1 |       3 |  75.0
            +---------+---------+-------+---------+---------+-------
